 Dungeon Crawl Stone Soup version 0.27.1-33-g824d729ab1 (webtiles) character file.

Game seed: 15736704052875448876

105 SensoryNuts the Shield-Bearer (level 4, -6/34 (35) HPs)
             Began as a Vampire Fighter on Dec 10, 2021.
             Was a Believer of Nemelex Xobeh.
             Mangled by a wight (13 damage)
             ... on level 4 of the Dungeon.
             The game lasted 00:03:50 (2158 turns).

SensoryNuts the Shield-Bearer (Vampire Fighter)     Turns: 2158, Time: 00:03:51

HP:   -6/34 (35)    AC: 10    Str: 16    XL:     4   Next: 53%
MP:   4/4           EV:  7    Int: 10    God:    Nemelex Xobeh [**....]
Gold: 57            SH:  9    Dex: 13    Spells: 3/3 levels left

rFire    . . .     SeeInvis +   a - +0 long sword
rCold    . . .     Faith    .   c - +0 kite shield
rNeg     . . .     Spirit   .   b - +0 scale mail
rPois    .         Reflect  .   (no helmet)
rElec    .         Harm     .   (no cloak)
rCorr    .         Rampage  .   (no gloves)
Will     .....                  (no boots)
Stlth    ..........             (no amulet)
HPRegen  0.31/turn              i - +4 ring of protection
MPRegen  0.09/turn              (no ring)

@: attractive, healing quickly, lightly drained
A: alive, fangs 3, see invisible, vampiric 2
a: Exsanguinate, Renounce Religion, Draw Escape, Draw Destruction, Draw
Summoning


You were on level 4 of the Dungeon.
You worshipped Nemelex Xobeh.
Nemelex Xobeh was pleased with you.
You visited 1 branch of the dungeon, and saw 4 of its levels.

You collected 57 gold pieces.

Inventory:

Hand Weapons
 a - a +0 long sword (weapon)
 r - a +2 vorpal scimitar
Armour
 b - a +0 scale mail (worn)
 c - a +0 kite shield (worn)
Jewellery
 i - a +4 ring of protection (left hand)
 q - a +6 ring of dexterity
Wands
 m - a wand of polymorph (6)
 p - a wand of acid (7) (quivered)
Scrolls
 e - 2 scrolls of fear {unknown}
 f - a scroll of enchant armour {unknown}
 h - 3 scrolls of teleportation {unknown}
 l - a scroll of identify {unknown}
Potions
 d - 2 potions of might
 j - 2 potions of curing {unknown}
 k - a potion of heal wounds {unknown}
 n - 2 potions of resistance {unknown}
 o - 2 potions of ambrosia {unknown}


   Skills:
 + Level 3.1 Fighting
 + Level 2.8 Long Blades
 + Level 3.0 Armour
 + Level 1.3 Dodging
 + Level 3.4 Shields


You had 3 spell levels left.
You didn't know any spells.
Your spell library contained the following spells:

 Spells                   Type           Power      Damage    Failure   Level
 Magic Dart               Conj           0%         1d3       99%         1
 Call Imp                 Summ           0%         N/A       100%        2
 Gell's Gravitas          Tloc           0%         N/A       100%        3
 Mephitic Cloud           Conj/Pois/Air  0%         N/A       100%        3
 Teleport Other           Tloc           0%         N/A       100%        3
 Dispersal                Tloc           0%         N/A       100%        6


Dungeon Overview and Level Annotations

Branches:
Dungeon (4/15)
 Temple: D:4-7

Altars:
Kikubaaqudgha
Nemelex Xobeh

Shops:
D:1 *   D:2 *   D:4 ?


Innate Abilities, Weirdness & Mutations

Your natural rate of healing is accelerated.
You have razor-sharp teeth.
You have supernaturally acute eyesight. (SInv)
You are afflicted with vampirism and can become a bat while bloodless.


Message History

Your +2 long sword of freezing hits the wight.
The wight hits your +2 long sword of freezing with a +2 vorpal scimitar!
Your +2 long sword of freezing is destroyed!
Your +2 long sword of freezing disappears in a puff of smoke!
Your Armour skill increases to level 3!
Your Dodging skill increases to level 1!
You have reached level 4!
You barely miss the wight.
The wight is severely damaged.
Your killer bee stings the wight.
The wight is destroyed! 3 wights come into view.
Things that are here:
a +2 vorpal scimitar; a +0 robe
r - a +2 vorpal scimitar
Things that are here:
a +2 spear; a +0 robe You barely miss the wight.
Your killer bee stings the wight but does no damage.
Your killer bee closely misses the wight.
The wight hits you but does no damage.
Your killer bee stings the wight!
You barely miss the wight.
The wight is severely damaged.
Your killer bee barely misses the wight.
The wight hits you from afar with a +0 halberd.
Your killer bee barely misses the wight.
The wight hits you with a +4 dagger!
The wight hits you from afar with a +0 halberd.
* * * LOW HITPOINT WARNING * * *
You block the wight's attack.
Your killer bee barely misses the wight.
It was a potion of attraction.
You feel attractive to monsters.
Your killer bee barely misses the wight.
You block the wight's attack. The wight hits you with a +0 scimitar.
* * * LOW HITPOINT WARNING * * *
You feel drained.
The wight hits you from afar with a +0 halberd!
You die...
Your body glows slightly and disappears.

.........#
...............# ....
...!...........##....###
.....##.......##.......
.............##.......
##...........##.......
###............#........
#.......................
#.....z@................
......zy[...............
......z.................
..............†.........
........................
............####........
#####.......# #########
#########


You could see 3 wights and a friendly killer bee (summoned).

Vanquished Creatures
  2 dart slugs (D:1)
  4 orcs (D:3)
  3 bats
  2 endoplasms (D:4)
  6 giant cockroaches
  7 goblins
  3 hobgoblins
  3 quokkas
  5 ball pythons
  3 frilled lizards
  3 kobolds
  5 rats
46 creatures vanquished.

Vanquished Creatures (collateral kills)
  2 wights (D:4)
2 creatures vanquished.

Grand Total: 48 creatures vanquished

Notes
Turn   | Place    | Note
-------+----------+-------------------------------------------
     0 | D:1      | SensoryNuts the Vampire Fighter began the quest for the
                  | Orb.
     0 | D:1      | Reached XP level 1. HP: 17/17 MP: 1/1
    51 | D:1      | Noticed an eye of devastation
    53 | D:1      | Found a faded altar of an unknown god.
    55 | D:1      | Noticed a golden eye
    55 | D:1      | Noticed a golden eye
    55 | D:1      | Noticed an eye of devastation
    89 | D:1      | Became a worshipper of Nemelex Xobeh the Trickster
    89 | D:1      | Reached * piety under Nemelex Xobeh
   129 | D:1      | Reached XP level 2. HP: 23/23 MP: 2/2
   133 | D:1      | Received a gift from Nemelex Xobeh
   609 | D:1      | Found Qiladi's Assorted Antiques.
   752 | D:2      | Gained mutation: You are afflicted with vampirism and can
                  | become a bat while bloodless. [Vampire growth]
   752 | D:2      | Reached XP level 3. HP: 29/29 MP: 3/3
   773 | D:2      | Found Joesk's Assorted Antiques.
  1102 | D:3      | Reached ** piety under Nemelex Xobeh
  1190 | D:3      | Found an ancient bone altar of Kikubaaqudgha.
  2064 | D:4      | Found Gugyaqi's Magic Scroll Boutique.
  2151 | D:4      | Reached skill level 1 in Dodging
  2151 | D:4      | Reached XP level 4. HP: 23/35 MP: 4/4
  2158 | D:4      | Mangled by a wight

Illustrated notes

Levels and vault maps discovered:
D:1:      heliophobic_arrival_henge, layout_loops_cross,
          hellmonk_ecumenical_altar_watching_god, serial_shops, shop,
          minmay_strange_pillars
D:2:      layout_rooms, serial_shops, shop, item_on_display_a
D:3:      layout_basic, kiku_gazebo_garden_becter
D:4:      layout_basic, mainiacjoe_overflow_concentric_impassable, serial_shops,
          nicolae_shop_statue_plus

Skill      XL: |  1  2  3 |
---------------+----------+-----
Fighting       | 3 |  3.1
Shields        | 3 |  3.4
Armour         | 3 |  3.0
Dodging        | 1 |  1.3
Long Blades    | |  2.8

Action                   |  1- 3 |  4- 6 || total
-------------------------+-------+-------++-------
Melee: Long sword        |   123 |     3 ||   126
       Bite              |    10 |       ||    10
Invok: Draw Destruction  |     4 |       ||     4
       Draw Summoning    |     2 |       ||     2
Evoke: Wand              |     1 |       ||     1
  Use: Potion            |       |     1 ||     1
Armor: Scale mail        |    66 |     1 ||    67
Dodge: Dodged            |    29 |       ||    29
Block: Kite shield       |    78 |     2 ||    80
       Rpst.: Long sword |     8 |       ||     8
